 Dungeon Crawl Stone Soup version 0.18-a0-1800-gdc7a371 (webtiles) character file.

590 Lokkij the Carver (level 7, -6/41 HPs)
             Began as a Tengu Fighter on Apr 24, 2016.
             Was an Initiate of Okawaru.
             Mangled by an ogre
             ... wielding a +0 giant spiked club
              (24 damage)
             ... on level 4 of the Dungeon.
             The game lasted 00:07:33 (3556 turns).

Lokkij the Carver (Tengu Fighter)                   Turns: 3556, Time: 00:07:33

Health: -6/41      AC:  6    Str: 16    XL:     7   Next: 39%
Magic:  8/8        EV:  6    Int:  9    God:    Okawaru [......]
Gold:   157        SH:  9    Dex: 15    Spells: 0 memorised, 6 levels left

rFire  . . .     SeeInvis .     a - +0 long sword
rCold  . . .     Gourm    .     b - +0 scale mail
rNeg   . . .     Faith    .     c - +0 shield
rPois  .         Spirit   .     (helmet restricted)
rElec  .         Dismiss  .     (no cloak)
rCorr  .         Reflect  .     (no gloves)
SustAt .         Harm     .     (boots unavailable)
MR     .....                    (no amulet)
Stlth  ..........               (no ring)
                                (no ring)

@: invisible, not resistant to hostile enchantments, extremely unstealthy
A: beak, talons 3, able to fly 1
a: Fly, Renounce Religion


You were on level 4 of the Dungeon.
You worshipped Okawaru.
Okawaru was noncommittal.
You were hungry.

You visited 1 branch of the dungeon, and saw 4 of its levels.

You collected 157 gold pieces.

Inventory:

Hand Weapons
 a - a +0 long sword (weapon)
Armour
 b - a +0 scale mail (worn)
 c - a +0 shield (worn)
Jewellery
 l - a +2 ring of strength {unknown}
Scrolls
 e - 2 scrolls of remove curse {unknown}
 h - 5 scrolls of identify {unknown}
 j - 3 scrolls of amnesia {unknown}
 m - a scroll of random uselessness {unknown}
 n - a scroll of teleportation {unknown}
 o - a scroll of fear {unknown}
Potions
 d - a potion of might
 g - a potion of flight
 p - a potion of curing {unknown}
Comestibles
 f - 3 bread rations
 k - 2 meat rations


   Skills:
 - Level 3.0 Fighting
 + Level 8.7 Long Blades
 - Level 3.2 Armour
 - Level 3.0 Shields


You had 6 spell levels left.
You didn't know any spells.

Dungeon Overview and Level Annotations

Branches:
Dungeon (4/15)
 Temple: D:4-7

Altars:
Okawaru
Yredelemnul

Annotations:
D:4 Natasha


Innate Abilities, Weirdness & Mutations

You have a beak for a mouth.
You have claws for feet.
You can fly.


Message History

Natasha hisses angrily.
You hit the ogre. You claw the ogre, but do no damage. You peck the ogre.
The ogre is lightly wounded.
The ogre barely misses you.
A giant gecko skeleton comes into view.
You hit the ogre but do no damage. Your peck misses the ogre.
The ogre is lightly wounded.
You hit the ogre.
The ogre is moderately wounded.
You block the ogre's attack.
An iguana comes into view.
The iguana hisses angrily.
Natasha casts a spell at you. The magic dart hits you!
Drink which item? (? for menu, Esc to quit)
It was a potion of invisibility.
You fade into invisibility!
The ogre hits you with a giant spiked club!!
Ouch! That really hurt!
You die...

#.##.##.# #.##.##.#
#.##.##.## #.##.....# # #
#.#####..# ##.
###.#####..# #.#
.##........# #.#
..####...#.########.##
..'.............@OZh.#
..####...#<########.l....#
.## ##.##.# #...##.# ##
####.# #.#.# # #.# #.#.#
###.# #.#.# #...# #.. .
#.### ### # ##### #.#


You could see an ogre, an iguana, Natasha and a giant gecko skeleton.

Vanquished Creatures
  Sigmund (D:2)
  An ogre (D:4)
  An orc priest (D:3)
  Terence (D:2)
  A worker ant (D:4)
  Natasha (D:4)
  2 orc wizards
  4 gnolls (D:2)
  7 adders
  An ooze (D:1)
  3 worms
  2 dart slugs (D:1)
  A giant gecko (D:2)
  5 orcs
  3 giant cockroaches
  6 hobgoblins
  6 kobolds
  2 quokkas
  3 ball pythons
  6 bats
  6 giant newts
  6 goblins
  A quokka skeleton (D:4)
  4 rats
74 creatures vanquished.

Vanquished Creatures (others)
  An ogre (D:4)
  A hound (D:4)
  An iguana (D:4)
3 creatures vanquished.

Grand Total: 77 creatures vanquished

Notes
Turn   | Place    | Note
--------------------------------------------------------------
     0 | D:1      | Lokkij the Tengu Fighter began the quest for the Orb.
     0 | D:1      | Reached XP level 1. HP: 14/14 MP: 2/2
   149 | D:1      | Reached skill level 3 in Long Blades
   149 | D:1      | Reached XP level 2. HP: 19/19 MP: 3/3
   435 | D:1      | Reached XP level 3. HP: 16/23 MP: 4/4
   617 | D:2      | Reached skill level 4 in Long Blades
   846 | D:2      | Noticed Terence
   856 | D:2      | Killed Terence
   856 | D:2      | Reached XP level 4. HP: 27/28 MP: 5/5
   930 | D:2      | Reached skill level 5 in Long Blades
  1293 | D:2      | Noticed Sigmund
  1304 | D:2      | Killed Sigmund
  1304 | D:2      | Reached skill level 6 in Long Blades
  1304 | D:2      | Gained mutation: You can fly. [Tengu growth]
  1304 | D:2      | Reached XP level 5. HP: 28/32 MP: 6/6
  1304 | D:2      | Reached XP level 6. HP: 33/37 MP: 7/7
  1336 | D:2      | Reached skill level 7 in Long Blades
  2132 | D:3      | Found a basalt altar of Yredelemnul.
  2384 | D:3      | Found an iron altar of Okawaru.
  2401 | D:3      | Became a worshipper of Warmaster Okawaru
  2904 | D:4      | Noticed Natasha
  2912 | D:4      | Killed Natasha
  2949 | D:4      | Reached skill level 8 in Long Blades
  2949 | D:4      | Reached XP level 7. HP: 20/41 MP: 8/8
  3550 | D:4      | Noticed Natasha
  3556 | D:4      | Mangled by an ogre

Vault maps used:
D:1:      lightli_molten_gateway
D:2:      first_bread, minmay_unequal, uniq_sigmund, uniq_terence
D:3:      yredelemnul_altar_generic, lemuel_crystal_altar
D:4:      xom_confusion_cloud, uniq_natasha

Skill      XL: |  1  2  3  4  5  6 |
---------------+-------------------+-----
Long Blades    | 3 4 6 8 |  8.7
Fighting       | |  3.0
Armour         | |  3.2
Shields        | |  3.0

Action                   |  1- 3 |  4- 6 |  7- 9 || total
-------------------------+-------+-------+-------++-------
Melee: Long sword        |    85 |   119 |    37 ||   241
       Peck              |    12 |    18 |     8 ||    38
       Kick              |    18 |    32 |    14 ||    64
  Use: Potion            |       |     1 |     1 ||     2
  Eat: Chunk             |       |     7 |     1 ||     8
Armor: Scale mail        |    37 |    38 |     9 ||    84
Dodge: Dodged            |    14 |    16 |     6 ||    36
Block: Shield            |    51 |    36 |    12 ||    99
